 Dungeon Crawl Stone Soup version 0.25-a0-705-ge9988fc0fb (webtiles) character file.

Game seed: 3208558271876431577, levelgen mode: deterministic

186 Denox the Charmwright (level 5, 0/43 HPs)
             Began as a Gnoll Skald on Apr 4, 2020.
             Hit by a boomerang thrown by an orc (2 damage)
             ... on level 3 of the Dungeon.
             The game lasted 00:08:14 (2547 turns).

Denox the Charmwright (Gnoll Skald)                 Turns: 2547, Time: 00:08:15

Health: 0/43       AC:  3    Str: 15    XL:     5   Next: 65%
Magic:  12/12      EV: 14    Int: 15    God:
Gold:   108        SH:  0    Dex: 14    Spells: 8/14 levels left

rFire    . . .     SeeInvis .   a - +1 spear
rCold    . . .     Gourm    .   (no shield)
rNeg     . . .     Faith    .   b - +0 leather armour
rPois    .         Spirit   .   (no helmet)
rElec    .         Reflect  .   (no cloak)
rCorr    .         Harm     .   (no gloves)
MR       .....                  (no boots)
Stlth    ++........             (no amulet)
HPRegen  0.14/turn              (no ring)
MPRegen  0.13/turn              (no ring)

@: brilliant, slowed, very slow
A: distributed training, fangs 1, strong nose
a: no special abilities


You were on level 3 of the Dungeon.
You were hungry.

You visited 1 branch of the dungeon, and saw 3 of its levels.

You collected 108 gold pieces.

Inventory:

Hand Weapons
 a - a +1 spear (weapon)
Armour
 b - a +0 leather armour (worn)
Scrolls
 f - a scroll of remove curse
Potions
 e - a potion of haste {unknown}
 g - a potion of stabbing {unknown}
 h - a potion of magic
 i - a potion of degeneration {unknown}
Comestibles
 d - 5 rations
 o - a chunk of flesh


   Skills:
 + Level 4.8 Fighting
 + Level 1.5 Short Blades
 + Level 1.5 Long Blades
 + Level 1.5 Axes
 + Level 1.5 Maces & Flails
 + Level 4.8 Polearms
 + Level 1.5 Staves
 + Level 1.5 Slings
 + Level 1.5 Bows
 + Level 1.5 Crossbows
 + Level 1.5 Throwing
 + Level 3.0 Armour
 + Level 4.8 Dodging
 + Level 1.5 Stealth
 + Level 1.5 Shields
 + Level 1.5 Unarmed Combat
 + Level 5.2 Spellcasting
 + Level 1.2 Conjurations
 + Level 1.2 Hexes
 + Level 5.5 Charms
 + Level 1.2 Summonings
 + Level 1.2 Necromancy
 + Level 1.2 Translocations
 + Level 1.2 Transmutations
 + Level 1.2 Fire Magic
 + Level 1.2 Ice Magic
 + Level 1.2 Air Magic
 + Level 1.2 Earth Magic
 + Level 1.2 Poison Magic
 + Level 1.7 Invocations
 + Level 1.5 Evocations


You had 8 spell levels left.
You knew the following spells:

 Your Spells              Type           Power        Failure   Level  Hunger
a - Infusion              Chrm           ####         1%          1    None
b - Ozocubu's Armour      Chrm/Ice       ###.....     14%         3    None
c - Song of Slaying       Chrm           ####....     3%          2    None

Your spell library contained the following spells:

 Spells                   Type           Power        Failure   Level  Hunger
 Shroud of Golubria       Chrm/Tloc      ###...       8%          2    None
 Spectral Weapon          Hex/Chrm       ###.....     14%         3    None


Dungeon Overview and Level Annotations

Branches:
Dungeon (3/15)

Altars:
Vehumet


Innate Abilities, Weirdness & Mutations

Your experience applies equally to all skills.
You have very sharp teeth.
Your uncanny sense of smell can sniff out nearby items.


Message History

The orc wizard closely misses you.
The orc throws a boomerang.
The boomerang closely misses you.
The weapon returns to the orc!
The orc wizard barely misses you.
Items here: )) [ † a +0 club; a +0 dagger; a +0 robe; an orc corpse The orc wizard barely misses you.
Items here: ))) [[ ††
Casting: Ozocubu's Armour (safe; 14% risk of failure)
Confirm with . or Enter, or press ? or * to list all spells.
Okay, then.
It was a potion of brilliance.
You feel clever all of a sudden. The orc wizard barely misses you.
The orc wizard gestures wildly while chanting.
The orc wizard blinks!
The orc throws a boomerang.
The boomerang hits you.
* * * LOW HITPOINT WARNING * * *
The weapon returns to the orc!
It was a potion of magic.
Magic courses through your body.
The orc throws a boomerang.
The boomerang hits you.
You die...

#.# # #.#
#.# #.#
#.# #.#
#.# #.#
#@#
#####)#
#...Ko#
#.###.#
..o....[#
###...#o#
[....>...
.###. ###
#.


You could see an orc wizard, an orc and a kobold.

Vanquished Creatures
  An orc priest (D:3)
  An orc wizard (D:3)
  5 adders
  An ooze (D:3)
  A worm (D:2)
  4 dart slugs
  5 leopard geckos
  8 orcs
  6 bats
  3 giant cockroaches (D:1)
  7 hobgoblins
  5 jackals
  2 quokkas (D:2)
  3 frilled lizards
  2 goblins (D:1)
  2 kobolds (D:2)
  2 rats
58 creatures vanquished.

Notes
Turn   | Place    | Note
-------+----------+-------------------------------------------
     0 | D:1      | Denox the Gnoll Skald began the quest for the Orb.
     0 | D:1      | Reached XP level 1. HP: 20/20 MP: 6/6
    98 | D:1      | Reached XP level 2. HP: 19/26 MP: 4/7
   302 | D:1      | Reached XP level 3. HP: 21/31 MP: 1/9
   307 | D:1      | Reached skill level 5 in Spellcasting
   657 | D:2      | Reached skill level 1 in Invocations
   686 | D:2      | Learned a level 3 spell: Ozocubu's Armour
   689 | D:2      | Learned a level 2 spell: Song of Slaying
   825 | D:2      | Found a radiant altar of Vehumet.
   989 | D:2      | Reached skill level 1 in Short Blades
   989 | D:2      | Reached skill level 1 in Long Blades
   989 | D:2      | Reached skill level 1 in Axes
   989 | D:2      | Reached skill level 1 in Maces & Flails
   989 | D:2      | Reached skill level 1 in Staves
   989 | D:2      | Reached skill level 1 in Slings
   989 | D:2      | Reached skill level 1 in Bows
   989 | D:2      | Reached skill level 1 in Crossbows
   989 | D:2      | Reached skill level 1 in Throwing
   989 | D:2      | Reached skill level 1 in Stealth
   989 | D:2      | Reached skill level 1 in Shields
   989 | D:2      | Reached skill level 1 in Unarmed Combat
   989 | D:2      | Reached skill level 1 in Evocations
  1043 | D:2      | Reached XP level 4. HP: 38/38 MP: 11/11
  2124 | D:3      | Reached skill level 1 in Conjurations
  2124 | D:3      | Reached skill level 1 in Hexes
  2124 | D:3      | Reached skill level 1 in Summonings
  2124 | D:3      | Reached skill level 1 in Necromancy
  2124 | D:3      | Reached skill level 1 in Translocations
  2124 | D:3      | Reached skill level 1 in Transmutations
  2124 | D:3      | Reached skill level 1 in Fire Magic
  2124 | D:3      | Reached skill level 1 in Ice Magic
  2124 | D:3      | Reached skill level 1 in Air Magic
  2124 | D:3      | Reached skill level 1 in Earth Magic
  2124 | D:3      | Reached skill level 1 in Poison Magic
  2124 | D:3      | Reached XP level 5. HP: 43/43 MP: 4/12
  2546 | D:3      | HP: 2/43 [orc/boomerang (3)]
  2547 | D:3      | Hit by a boomerang thrown by an orc

Levels and vault maps discovered:
D:1:      wander_arrival_peaceful_grave, layout_rooms, corexii_leaking_fountain
D:2:      layout_loops_ring, lemuel_coloured_pillars_altar, minivault_24
D:3:      layout_loops_ring, uniq_ijyb, uniq_jessica

Skill      XL: |  1  2  3  4  5 |
---------------+----------------+-----
Spellcasting   | 5 |  5.2
Invocations    | 1 |  1.7
Short Blades   | 1 |  1.5
Long Blades    | 1 |  1.5
Axes           | 1 |  1.5
Maces & Flails | 1 |  1.5
Staves         | 1 |  1.5
Slings         | 1 |  1.5
Bows           | 1 |  1.5
Crossbows      | 1 |  1.5
Throwing       | 1 |  1.5
Stealth        | 1 |  1.5
Shields        | 1 |  1.5
Unarmed Combat | 1 |  1.5
Evocations     | 1 |  1.5
Conjurations   | 1 |  1.2
Hexes          | 1 |  1.2
Summonings     | 1 |  1.2
Necromancy     | 1 |  1.2
Translocations | 1 |  1.2
Transmutations | 1 |  1.2
Fire Magic     | 1 |  1.2
Ice Magic      | 1 |  1.2
Air Magic      | 1 |  1.2
Earth Magic    | 1 |  1.2
Poison Magic   | 1 |  1.2
Armour         | 3 |  3.0
Fighting       | |  4.8
Polearms       | |  4.8
Dodging        | |  4.8
Charms         | |  5.5

Action                   |  1- 3 |  4- 6 || total
-------------------------+-------+-------++-------
Melee: Spear             |   109 |   109 ||   218
       Bite              |     5 |    12 ||    17
       Punch             |       |     1 ||     1
 Cast: Infusion          |     3 |     7 ||    10
       Ozocubu's Armour  |       |     4 ||     4
  Use: Scroll            |       |     7 ||     7
       Potion            |       |     2 ||     2
 Stab: Sleeping          |     3 |     1 ||     4
  Eat: Chunk             |       |     5 ||     5
Armor: Leather armour    |    14 |    19 ||    33
Dodge: Dodged            |    53 |    79 ||   132

Table legend:
 A = Non-vault XP
 B = Vault XP
 C = Vault XP percentage of total XP
 D = Non-vault monster count
 E = Vault monster count
 F = Vault count percentage of total count
                 A         B        C        D         E       F
            +---------+---------+-------+---------+---------+-------
      Total |     266 |       0 |   0.0 |      58 |       0 |   0.0
            +---------+---------+-------+---------+---------+-------
        D:1 |      48 |       0 |   0.0 |      22 |       0 |   0.0
        D:2 |      73 |       0 |   0.0 |      19 |       0 |   0.0
        D:3 |     145 |       0 |   0.0 |      17 |       0 |   0.0
            +---------+---------+-------+---------+---------+-------
